[Event "Grand Prix Jerusalem 2019"]
[Site "Jerusalem"]
[Date "2019.12.13"]
[Round "1.4"]
[White "Gelfand, Boris"]
[Black "Nepomniachtchi, Ian"]
[Result "0-1"]
[ECO "A16"]
[WhiteElo "2684"]
[BlackElo "2767"]
[Annotator "RC"]
[PlyCount "81"]
[EventDate "2019.12.11"]
[EventType "k.o."]
[EventCountry "ISR"]
[SourceTitle "playchess.com"]
[Source "ChessBase"]
[SourceQuality "1"]
[TimeControl "1500+10"]

1. Nf3 Nf6 2. c4 g6 3. Nc3 Bg7 4. e4 e5 5. Nxe5 O-O 6. f4 d6 7. Nf3 Nxe4 8. Nxe4 Re8 9. d3 f5 10. Be2 fxe4 11. dxe4 Na6 12. O-O Nc5 13. f5 gxf5 14. Ng5 Qe7 15. Bh5 Rf8 16. Qd5+ Be6 17. Nxe6 c6 18. Bg5 Qxg5 19. Qxc5 Qe7 20. Qf2 Qxe6 21. exf5 Qxc4 22. Kh1 Kh8 23. Qg3 Be5 24. Qh3 Rf6 25. Bg6 Qg8 26. Rae1 Raf8 27. Rf3 Kg7 28. Bh5 Qxa2 29. Rb3 Rxf5 30. Rxb7+ Kg8 31. Qg4+ Kh8 32. Rxh7+ Kxh7 33. Bg6+ Kh6 34. Bxf5 Qg8 35. Qh3+ Kg7 36. Re4 Kf6 37. Rg4 Qd5 38. Rg6+ Ke7 39. Qh4+ Ke8 40. Qh5 Kd8 41. Qg5+ 0-1

[Event "Grand Prix Jerusalem 2019"]
[Site "Jerusalem"]
[Date "2019.12.13"]
[Round "1.5"]
[White "Mamedyarov, Shakhriyar"]
[Black "Jakovenko, Dmitry"]
[Result "1/2-1/2"]
[ECO "E36"]
[WhiteElo "2772"]
[BlackElo "2698"]
[Annotator "ChessBase"]
[PlyCount "43"]
[EventDate "2019.12.11"]
[EventType "k.o."]
[EventCountry "ISR"]
[SourceTitle "playchess.com"]
[Source "ChessBase"]
[SourceQuality "1"]
[TimeControl "600+10"]

1. d4 Nf6 2. c4 e6 3. Nc3 Bb4 4. Qc2 O-O 5. a3 Bxc3+ 6. Qxc3 d5 7. Bg5 dxc4 8. Qxc4 b6 9. Rd1 Ba6 10. Qa4 h6 11. Bh4 Qd7 12. Qc2 Nd5 13. Nf3 Rc8 14. Ne5 Qe8 15. e4 Bxf1 16. Kxf1 Ne7 17. Bxe7 Qxe7 18. g3 c5 19. Kg2 Nc6 20. Nxc6 Rxc6 21. d5 Rd6 22. Rd2 1/2-1/2

[Event "Grand Prix Jerusalem 2019"]
[Site "Jerusalem"]
[Date "2019.12.13"]
[Round "1.5"]
[White "Harikrishna, Pentala"]
[Black "Karjakin, Sergey"]
[Result "1/2-1/2"]
[ECO "E05"]
[WhiteElo "2724"]
[BlackElo "2754"]
[Annotator "ChessBase"]
[PlyCount "44"]
[EventDate "2019.12.11"]
[EventType "k.o."]
[EventCountry "ISR"]
[SourceTitle "playchess.com"]
[Source "ChessBase"]
[SourceQuality "1"]
[TimeControl "600+10"]

1. d4 Nf6 2. c4 e6 3. g3 d5 4. Bg2 Be7 5. Nf3 O-O 6. O-O dxc4 7. Qc2 a6 8. a4 Bd7 9. Qxc4 Bc6 10. Bg5 Nbd7 11. Nc3 h6 12. Bxf6 Nxf6 13. a5 Qd6 14. Qd3 Rfd8 15. Rfd1 Qb4 16. e4 Bf8 17. Qc2 Rab8 18. h3 Rbc8 19. Kh2 Rb8 20. Kg1 Rbc8 21. Kh2 Rb8 22. Kg1 Rbc8 1/2-1/2